 Dungeon Crawl Stone Soup version 0.24.0-5-g267a8d59f4 (webtiles) character file.

Game seed: 840418923134765137, levelgen mode: deterministic

13942 DavidChitty2 the Grappler (level 11, 0/115 HPs)
             Began as a Troll Monk on Nov 1, 2019.
             Was a High Priest of Ru.
             Slain by a chaos spawn (7 damage)
             ... on level 11 of the Dungeon.
             The game lasted 00:20:55 (10318 turns).

DavidChitty2 the Grappler (Troll Monk)             Turns: 10318, Time: 00:20:56

Health: 0/115      AC: 11    Str: 22    XL:     11   Next: 82%
Magic:  4/10       EV: 14    Int:  6    God:    Ru [*****.]
Gold:   609        SH:  0    Dex: 14    Spells: 10/10 levels left

rFire    + . .     SeeInvis .     - Unarmed
rCold    . . .     Gourm    +   (no shield)
rNeg     . . .     Faith    .   A - +2 robe {rF+}
rPois    .         Spirit   .   (helmet restricted)
rElec    .         Reflect  .   u - +2 cloak
rCorr    +         Harm     .   (gloves unavailable)
MR       .....                  (boots unavailable)
Stlth    +.........             (no amulet)
HPRegen  0.69/turn              d - ring of resist corrosion
MPRegen  0.12/turn              (no ring)

@: exhausted, very slightly contaminated, heavily drained, invisible
A: large, unfitting armour, claws 3, fast metabolism 3, gourmand, regeneration
1, shaggy fur 1, tough skin 3, hated by all, no air magic, no summoning magic,
no transmutations magic, inexperienced 1
a: Draw Out Power, Power Leap, Apocalypse, Renounce Religion


You were on level 11 of the Dungeon.
You worshipped Ru.
Ru was extremely pleased with you.
You were very full.

You visited 2 branches of the dungeon, and saw 12 of its levels.

You collected 609 gold pieces.

Inventory:

Hand Weapons
 b - the +1 hunting sling "Meiffodeph" {flame, rF++ Dex-3}
   (You found it on level 6 of the Dungeon)

   It causes projectiles fired from it to burn those they strike, causing extra
   injury to most foes and up to half again as much damage against particularly
   susceptible opponents.
   It affects your dexterity (-3).
   It greatly protects you from fire.
Missiles
 p - 161 stones (quivered)
 x - a throwing net {!f}
 y - 19 sling bullets
Armour
 a - a +2 large shield
   (You found it on level 11 of the Dungeon)
 u - a +2 cloak (worn)
   (You took it off Crazy Yiuf on level 6 of the Dungeon)
 A - a +2 robe of fire resistance (worn)
   (You took it off an orc wizard on level 10 of the Dungeon)
Jewellery
 d - a ring of resist corrosion (left claw)
   (You found it on level 1 of the Dungeon)
Wands
 c - a wand of disintegration (4)
   (You found it on level 5 of the Dungeon)
 w - a wand of scattershot (3)
   (You found it on level 8 of the Dungeon)
Scrolls
 f - 6 scrolls of teleportation {@r4}
 i - 3 scrolls of fog
 k - 3 scrolls of immolation {!r}
 l - a scroll of identify {@r1}
 v - 6 scrolls of remove curse {@r2}
Potions
 g - 2 potions of curing {@q1}
 h - a potion of invisibility
 j - a potion of might
 m - 4 potions of agility
 n - 3 potions of lignification {!q}
 o - 2 potions of ambrosia
 q - a potion of brilliance {unknown}
 r - 2 potions of berserk rage {unknown}
 s - 2 potions of flight {unknown}
 t - a potion of haste {@q3}
Comestibles
 e - 24 rations {!d}
 B - 3 chunks of flesh


   Skills:
 * Level 9.5(8.2) Fighting
 + Level 8.6(7.3) Dodging
 - Level 1.0(0.0) Stealth
 + Level 12.8(11.4) Unarmed Combat


You had 10 spell levels left.
You didn't know any spells.
Your spell library contained the following spells:

 Spells                   Type           Power        Failure   Level  Hunger
 Bolt of Magma            Conj/Fire/Erth #.........   100%        5    ######.
 Iskenderun's Battlesphe  Conj/Chrm      #.......     100%        5    ######.
 Venom Bolt               Conj/Pois      #.........   100%        5    ######.
 Iron Shot                Conj/Erth      #.........   100%        6    #######
 Orb of Destruction       Conj           #.........   100%        7    #######
 Summon Small Mammal      Summ           Unusable     N/A         1    N/A
 Call Imp                 Summ           Unusable     N/A         2    N/A
 Call Canine Familiar     Summ           Unusable     N/A         3    N/A
 Summon Guardian Golem    Hex/Summ       Unusable     N/A         3    N/A
 Summon Ice Beast         Ice/Summ       Unusable     N/A         4    N/A
 Summon Lightning Spire   Summ/Air       Unusable     N/A         4    N/A
 Spellforged Servitor     Conj/Summ      Unusable     N/A         7    N/A

Dungeon Overview and Level Annotations

Branches:
Dungeon (11/15)            Temple (1/1) D:4            Lair (0/6) D:11
    Orc (0/2) D:10

Altars:
Ashenzari
Cheibriados
Dithmenos
Elyvilon
Fedhas
Gozag
Hepliaklqana
Kikubaaqudgha
Makhleb
Nemelex Xobeh
Okawaru
Qazlal
Ru
Sif Muna
Trog
Uskayaw
Vehumet
Wu Jian
Xom
Yredelemnul
Zin
The Shining One
Beogh

Shops:
D:5 (


Innate Abilities, Weirdness & Mutations

You are too large for most types of armour.
You have claws for hands.
Your metabolism is lightning-fast.
You like to eat raw meat.
Your natural rate of healing is unusually fast.
You are covered in fur. (AC +1)
You have extremely tough skin. (AC +3)
You are hated by all.
You cannot study or cast Air magic.
You cannot study or cast Summoning magic.
You cannot study or cast Transmutations magic.
You are somewhat inexperienced. (-2 XL)


Message History

Throwing (i - inventory. (/) - cycle)
p - 162 stones (quivered)
Aim: a chaos spawn You throw a stone.
The stone hits the chaos spawn but does no damage.
Aim: a chaos spawn (chance to defeat MR: 30%)
Okay, then.
Aim: a chaos spawn The burst of metal fragments hits the killer bee.
The burst of metal fragments hits the chaos spawn but does no damage.
The burst of metal fragments hits the chaos spawn.
The burst of metal fragments hits the killer bee!
The killer bee is stunned by your will and fails to attack.
The killer bee misses you.
Aim: a chaos spawn (lightly wounded)
The burst of metal fragments hits the chaos spawn but does no damage.
The burst of metal fragments hits the chaos spawn. x2
You feel sick.
The killer bee stings you but does no damage.
The killer bee is stunned by your will and fails to attack.
The chaos spawn misses you.
Aim: a killer bee (almost dead)
The burst of metal fragments hits the killer bee.
You kill the killer bee!
The chaos spawn gores you!
* * * LOW HITPOINT WARNING * * *
You fade into invisibility!
You are very lightly contaminated with residual magic.
Things that are here:
a +0 troll leather armour; a troll skeleton
Things that are here:
a +0 mace; a killer bee corpse x2
You feel much better.
You feel sick. The chaos spawn closely misses you.
You mangle the chaos spawn!!
A killer bee comes into view.
The killer bee buzzes angrily.
You scratch the chaos spawn but do no damage.
Your claw misses the chaos spawn. The chaos spawn hits you!
* * * LOW HITPOINT WARNING * * *
The chaos spawn shocks you.
* * * LOW HITPOINT WARNING * * *
You focus your will and slow the chaos spawn in retribution!
You scratch the chaos spawn. The chaos spawn hits you!
* * * LOW HITPOINT WARNING * * *
The chaos spawn draws strength from your injuries!
Okay, then.
You don't know any spells.
You feel better.
The killer bee buzzes angrily.
The chaos spawn gores you!
You die...

......)...........#.♣..♣..♣≈≈###.
....9............(....♣.♣.≈≈# ###
............(.......≈.# T# #
...............♣♣.≈≈≈# #T#
..............y♣♣♣≈≈♣#cT#
....%###.......♣.♣.≈.#T#
.....##.y###†..♣♣.)♣.##
.......y.###4##♣.....#r#
.#..##...#.@###♣♣♣†.♣#..# #
#........# ♣♣...###.#
......##......##♣.♣...##.# #
D.#####..........♣♣♣...# ###
###......#.♣♣...♣♣###.
##....###♣..♣..♣.#.. #....#
#♣♣.♣..♣... #...## #..♣♣♣♣♣♣..
##.## #♣.♣♣.♣..♣♣


You could see a chaos spawn and a killer bee (wandering).

Vanquished Creatures
  Snorg (D:9)
  A hydra (D:11)
  3 two-headed ogres
  A gargoyle (D:11)
  2 trolls
  2 hippogriffs (D:7)
  Sigmund (D:2)
  A wyvern (D:10)
  A vampire (D:10)
  8 yaks
  Grum (D:11)
  A chaos spawn (D:11)
  2 black bears
  2 phantoms
  6 orc warriors
  3 ice beasts
  2 sky beasts
  10 ogres
  4 wolves
  A crocodile (D:11)
  4 big kobolds
  4 bullfrogs
  A wyvern zombie (D:10)
  4 scorpions
  A water moccasin zombie (D:11)
  A wyvern skeleton (D:10)
  4 wights (D:10)
  65 killer bees
  6 howler monkeys
  An electric eel (D:7)
  A centaur zombie (D:11)
  A crimson imp (D:8)
  5 hounds
  7 jellies
  A quasit (D:7)
  6 orc wizards
  8 orc priests
  Crazy Yiuf (D:6)
  Terence (D:2)
  9 worker ants
  A hound zombie (D:8)
  2 worker ant zombies
  7 gnolls
  14 adders
  A howler monkey skeleton (D:9)
  6 oozes
  2 adder skeletons
  A worm (D:2)
  6 leopard geckos
  32 orcs
  3 giant cockroaches
  8 goblins
  9 hobgoblins
  12 jackals
  22 kobolds
  6 quokkas
  2 ball pythons
  7 bats
  8 frilled lizards
  A quokka skeleton (D:4)
  4 rats
  A fungus (D:6)
339 creatures vanquished.

Vanquished Creatures (others)
  A troll (D:9)
  An orc warrior (D:10)
  A scorpion (D:11)
  A killer bee (D:11)
  An adder (D:11)
  A kobold (D:11)
6 creatures vanquished.

Grand Total: 345 creatures vanquished

Notes
Turn   | Place    | Note
-------+----------+-------------------------------------------
     0 | D:1      | DavidChitty2 the Troll Monk began the quest for the Orb.
     0 | D:1      | Reached XP level 1. HP: 22/22 MP: 0/0
   231 | D:1      | Reached XP level 2. HP: 29/29 MP: 1/1
   673 | D:2      | Noticed Terence
   678 | D:2      | Reached XP level 3. HP: 33/36 MP: 2/2
   704 | D:2      | Killed Terence
   704 | D:2      | Reached skill level 4 in Unarmed Combat
   704 | D:2      | Reached XP level 4. HP: 32/44 MP: 3/3
   722 | D:2      | Noticed Sigmund
   734 | D:2      | Killed Sigmund
   734 | D:2      | Reached skill level 5 in Unarmed Combat
   734 | D:2      | Reached XP level 5. HP: 43/53 MP: 4/4
  1022 | D:2      | Reached XP level 6. HP: 56/61 MP: 5/5
  1444 | D:3      | Found a white marble altar of Elyvilon.
  1854 | D:3      | Found a hazy altar of Hepliaklqana.
  1855 | D:3      | Found a radiant altar of Vehumet.
  1855 | D:3      | You fall into a shaft and drop 3 floors!
  1865 | D:6      | Noticed an orc warrior
  1880 | D:6      | HP: 2/62 [orc/+0 hand axe (3)]
  2059 | D:6      | Reached skill level 6 in Unarmed Combat
  2154 | D:5      | Entered Level 5 of the Dungeon
  2154 | D:5      | Found Lamn's Antique Weapon Shop.
  2157 | D:5      | Reached XP level 7. HP: 66/68 MP: 6/6
  2261 | D:4      | Found a staircase to the Ecumenical Temple.
  2299 | Temple   | Entered the Ecumenical Temple
  2519 | Temple   | Became a worshipper of Ru the Awakened
  2550 | Temple   | Gained mutation: You are somewhat inexperienced. (-2 XL)
                  | [Ru sacrifice]
  2550 | Temple   | Reached XP level 6. HP: 62/62 MP: 5/5
  2550 | Temple   | Reached XP level 5. HP: 54/54 MP: 4/4
  2550 | Temple   | Reached * piety under Ru
  2550 | Temple   | Reached ** piety under Ru
  2580 | D:4      | Noticed an ogre
  2594 | D:4      | Killed an ogre
  2638 | D:4      | Noticed an ogre
  2646 | D:4      | Killed an ogre
  2646 | D:4      | Reached XP level 6. HP: 37/62 MP: 5/5
  2772 | D:4      | You fall into a shaft and drop 2 floors!
  3827 | D:4      | Reached skill level 7 in Unarmed Combat
  3982 | D:6      | Killed an orc warrior
  3982 | D:6      | Reached XP level 7. HP: 58/71 MP: 6/6
  4690 | D:6      | Got a bloodstained hunting sling
  4897 | D:6      | Found a runed translucent door.
  4898 | D:6      | Noticed Crazy Yiuf
  4906 | D:6      | Killed Crazy Yiuf
  4914 | D:6      | Identified the cursed +1 hunting sling "Meiffodeph" {flame,
                  | rF++ Dex-3} (You found it on level 6 of the Dungeon)
  4958 | D:7      | Found a burning altar of Makhleb.
  4974 | D:7      | Found an ancient bone altar of Kikubaaqudgha.
  5052 | D:7      | Gained mutation: You are hated by all. [Ru sacrifice]
  5052 | D:7      | Reached *** piety under Ru
  5114 | D:7      | Noticed a hippogriff
  5124 | D:7      | Killed a hippogriff
  5124 | D:7      | Reached skill level 5 in Fighting
  5124 | D:7      | Reached skill level 5 in Dodging
  5124 | D:7      | Reached skill level 8 in Unarmed Combat
  5124 | D:7      | Reached XP level 8. HP: 68/80 MP: 7/7
  5380 | D:7      | Noticed a hippogriff
  5386 | D:7      | Killed a hippogriff
  5469 | D:7      | Noticed an air elemental
  5471 | D:7      | Found a stormy altar of Qazlal.
  5646 | D:8      | Reached skill level 9 in Unarmed Combat
  5748 | D:8      | Found a stormy altar of Qazlal.
  5833 | D:8      | Reached XP level 9. HP: 89/89 MP: 8/8
  6280 | D:9      | Reached skill level 10 in Unarmed Combat
  6299 | D:9      | Noticed a troll
  6310 | D:9      | Killed a troll
  6557 | D:9      | Reached XP level 10. HP: 73/100 MP: 9/9
  6593 | D:9      | Reached skill level 11 in Unarmed Combat
  6594 | D:9      | Gained mutation: You cannot study or cast Air magic. [Ru
                  | sacrifice]
  6594 | D:9      | Gained mutation: You cannot study or cast Transmutations
                  | magic. [Ru sacrifice]
  6594 | D:9      | Gained mutation: You cannot study or cast Summoning magic.
                  | [Ru sacrifice]
  6594 | D:9      | Reached **** piety under Ru
  6594 | D:9      | Reached ***** piety under Ru
  6956 | D:9      | Noticed a two-headed ogre
  6961 | D:9      | Killed a two-headed ogre
  7341 | D:10     | Entered Level 10 of the Dungeon
  7341 | D:10     | Noticed Snorg
  7364 | D:9      | Killed Snorg
  7655 | D:10     | Noticed a two-headed ogre
  7664 | D:10     | Killed a two-headed ogre
  7664 | D:10     | Reached skill level 12 in Unarmed Combat
  7807 | D:10     | Found a staircase to the Orcish Mines.
  8306 | D:10     | Reached XP level 11. HP: 100/111 MP: 10/10
  8702 | D:10     | Found a roughly hewn altar of Beogh.
  9135 | D:11     | Found a staircase to the Lair.
  9141 | D:11     | Noticed a two-headed ogre
  9211 | D:11     | Killed a two-headed ogre
  9699 | D:11     | Noticed Grum
  9760 | D:11     | Killed Grum
 10245 | D:11     | Noticed a five-headed hydra
 10298 | D:11     | Killed a five-headed hydra
 10311 | D:11     | HP: 5/115 [chaos spawn (7)]
 10317 | D:11     | HP: 2/115 [chaos spawn (13)]
 10318 | D:11     | Slain by a chaos spawn

Levels and vault maps discovered:
D:1:      minmay_arrival_cross, layout_basic
D:2:      layout_rooms, minmay_misc_feat_x, minmay_3d_cube, uniq_terence,
          uniq_sigmund
D:3:      layout_rooms, nicolae_overflow_hidden_temple, lemuel_altar_in_water
D:4:      layout_rooms, temple_doors_e, first_ration, small_statue_intersection
D:5:      layout_basic, serial_shops, shop
D:6:      layout_basic, hangedman_decor_opposing, minmay_statues_item,
          uniq_crazy_yiuf_cottage
D:7:      layout_basic, kiku_gazebo_pond_becter, basic_altar,
          kennysheep_diamond, nicolae_qazlal_style_of_elements
D:8:      layout_gridville, lemuel_doored_altar, hangedman_little_slice_of_home
D:9:      layout_basic
D:10:     layout_layer_cave, minmay_orc_entry_temple_small, serial_glass,
          glass_columns_a, glass_columns_a, nicolae_straight_to_the_point,
          uniq_snorg
D:11:     wad_woods_minihive, layout_cave_pools, lair_entry_dummy,
          minmay_guarded_unrand_variability, uniq_grum
Temple:   dpeg_five_rooms_temple

Skill      XL: |  1  2  3  4  5  6  7  8  9 10 11 |
---------------+----------------------------------+-----
Unarmed Combat | 4 5 7 8 9 10 12 | 12.8
Fighting       | 3 5 6 7 9 |  9.5
Dodging        | 3 5 6 7 8 |  8.6
Stealth        | |  1.0

Action                   |  1- 3 |  4- 6 |  7- 9 | 10-12 || total
-------------------------+-------+-------+-------+-------++-------
Melee: Unarmed           |    45 |   217 |   279 |   453 ||   994
       Punch             |       |     3 |    14 |    20 ||    37
 Fire: Hunting sling     |       |       |       |     2 ||     2
Throw: Stone             |       |       |       |     3 ||     3
Invok: Sacrifice Experie |       |     1 |       |       ||     1
       Sacrifice Love    |       |       |     1 |       ||     1
       Apocalypse        |       |       |       |     5 ||     5
       Power Leap        |       |       |       |     1 ||     1
       Sacrifice Arcana  |       |       |       |     1 ||     1
       Reject Sacrifices |       |       |       |     1 ||     1
Evoke: Wand              |       |     2 |     5 |     5 ||    12
  Use: Scroll            |       |    16 |     2 |       ||    18
       Potion            |       |       |     1 |     4 ||     5
 Stab: Sleeping          |     4 |     2 |     3 |     1 ||    10
       Distracted        |       |       |     2 |     2 ||     4
       Invisible         |       |       |       |    13 ||    13
  Eat: Chunk             |    12 |    20 |    30 |    34 ||    96
       Ration            |       |       |     1 |       ||     1
Armor: Robe              |    14 |    54 |    83 |   174 ||   325
Dodge: Dodged            |    23 |   119 |   141 |   459 ||   742
